 Dungeon Crawl Stone Soup version 0.29-a0-322-g68df515428 (webtiles) character file.

Game seed: 13324586579301096055

1311 sammy202020 the Skirmisher (level 8, 0/100 HPs)
             Began as a Demonspawn Berserker on Apr 5, 2022.
             Was a Believer of Trog.
             Succumbed to an orc's poison
             ... on level 5 of the Dungeon.
             The game lasted 00:06:52 (6128 turns).

sammy202020 the Skirmisher (Demonspawn Berserker)   Turns: 6128, Time: 00:06:52

Health: 0/100      AC: 15    Str: 17    XL:     8   Next: 32%
Magic:  8/8        EV: 10    Int: 11    God:    Trog [**....]
Gold:   287        SH:  3    Dex: 13    Spells: 7/7 levels left

rFire   . . .      SeeInvis .   a - +0 hand axe (protect)
rCold   . . .      Faith    .   l - +0 buckler
rNeg    . . .      Spirit   .   d - +1 scale mail
rPois   .          Reflect  .   (helmet restricted)
rElec   .          Harm     .   (no cloak)
rCorr   .          Rampage  .   (no gloves)
Will    .....                   (no boots)
Stlth   ..........              (no amulet)
HPRegen 0.26/turn               (no ring)
MPRegen 0.11/turn               (no ring)

@: berserking, lethally poisoned (0 -> -8), under a protective aura, very quick
A: antennae 1, powered by pain 2, sturdy frame 1, screaming 1
a: Renounce Religion, Berserk, Trog's Hand


You were on level 5 of the Dungeon.
You worshipped Trog.
Trog was pleased with you.
You visited 1 branch of the dungeon, and saw 5 of its levels.

You collected 287 gold pieces.

Inventory:

Hand Weapons
 a - a +0 hand axe of protection (weapon)
 b - a +2 dire flail of venom
 c - a +0 hunting sling
Missiles
 j - 11 poisoned darts (quivered)
Armour
 d - a +1 scale mail (worn)
 l - a +0 buckler (worn)
 s - a +1 cloak of willpower
Wands
 i - a wand of digging (4)
 y - a wand of iceblast (8)
Scrolls
 e - 2 scrolls of vulnerability
 h - 6 scrolls of fear
 o - a scroll of identify
 r - 2 scrolls of teleportation
Potions
 f - a potion of mutation
 g - 2 potions of magic {unknown}
 k - a potion of might {unknown}
 m - a potion of resistance {unknown}
 n - a potion of lignification {unknown}
 w - 2 potions of ambrosia {unknown}
 x - a potion of flight {unknown}
 z - a potion of attraction {unknown}


   Skills:
 * Level 7.1 Fighting
 * Level 6.4 Axes
 + Level 4.4 Armour
 - Level 1.7 Dodging


You had 7 spell levels left.
You didn't know any spells.
Your spell library was empty.

Dungeon Overview and Level Annotations

Branches:
Dungeon (5/15)
 Temple: D:4-7

Altars:

Shops:
D:2 (


Innate Abilities, Weirdness & Mutations

You have a pair of small antennae on your head.
You sometimes gain power by taking damage.
Your movements are slightly less encumbered by armour. (ER -2)
You occasionally shout uncontrollably at your foes.


Message History

The white imp hits you but does no damage.
You barely miss the orc priest.
The orc priest is moderately wounded.
You hit the orc but do no damage. You closely miss the white imp.
You feel very sick. You block the orc's attack. The orc priest misses you.
The white imp barely misses you.
You barely miss the orc priest.
The orc priest is moderately wounded.
You hit the white imp.
You kill the white imp!
Trog accepts your kill.
You hit the orc but do no damage.
You feel very sick. The orc hits you but does no damage.
You are more poisoned.
The orc priest closely misses you.
You barely miss the orc priest.
The orc priest is moderately wounded.
You hit the orc.
You kill the orc!
Trog accepts your kill.
You feel very sick. You block the orc priest's attack.
You hit the orc priest but do no damage.
The orc priest is moderately wounded.
You feel very sick.
The orc priest calls down the wrath of Beogh upon you.
Beogh smites you!
* * * LOW HITPOINT WARNING * * *
You hit the orc priest.
The orc priest is heavily wounded.
* * * LOW HITPOINT WARNING * * *
You feel very sick.
The orc priest mumbles some strange prayers to Beogh against you.
Pain shoots through your body!
* * * LOW HITPOINT WARNING * * *
A red film seems to cover your vision as you go berserk!
You feel yourself moving faster!
You feel mighty!
You die...

.....##
##.....##
##.......##
#.......[.#
+.........+
#.........#
#..)....#
#.o@).#
##.).##
##'## #.#
#.# ##.##
####...####
...........#
###.....##.#


You could see an orc priest.

Vanquished Creatures
  Pikel (D:4)
  Duvessa (D:4)
  An ogre (D:4)
  4 wights (D:4)
  Dowan (D:4)
  2 hounds
  A jelly (D:4)
  An orc priest (D:4)
  Crazy Yiuf (D:3)
  Jessica (D:3)
  Natasha (thrice) (D:4)
  6 adders
  A white imp (D:5)
  3 worms
  9 orcs
  6 bats
  3 endoplasms
  3 giant cockroaches
  8 goblins
  17 hobgoblins
  3 jackals (D:1)
  9 kobolds
  7 quokkas
  6 ball pythons
  3 frilled lizards (D:1)
  3 rats
104 creatures vanquished.

Notes
Turn   | Place    | Note
-------+----------+-------------------------------------------
     0 | D:1      | sammy202020 the Demonspawn Berserker began the quest for
                  | the Orb.
     0 | D:1      | Reached XP level 1. HP: 18/18 MP: 1/1
   370 | D:1      | Gained mutation: Your movements are slightly less
                  | encumbered by armour. (ER -2) [demonic ancestry]
   370 | D:1      | Reached XP level 2. HP: 17/24 MP: 2/2
  1191 | D:1      | Gained mutation: You have a pair of small antennae on your
                  | head. [demonic ancestry]
  1191 | D:1      | Reached XP level 3. HP: 27/29 MP: 3/3
  1879 | D:2      | Found Bimutwo's Antique Weapon Shop.
  1948 | D:2      | Reached XP level 4. HP: 22/37 MP: 4/4
  2536 | D:2      | Reached skill level 4 in Fighting
  2900 | D:3      | Reached ** piety under Trog
  3083 | D:3      | Noticed Jessica
  3088 | D:3      | Killed Jessica
  3410 | D:3      | Gained mutation: You sometimes gain a little power by
                  | taking damage. [demonic ancestry]
  3410 | D:3      | Reached XP level 5. HP: 37/42 MP: 5/5
  3738 | D:3      | Found a runed translucent door.
  3739 | D:3      | Noticed Crazy Yiuf
  3747 | D:3      | Killed Crazy Yiuf
  4170 | D:4      | Noticed an ogre
  4185 | D:4      | Killed an ogre
  4186 | D:4      | Reached XP level 6. HP: 50/50 MP: 6/6
  4213 | D:4      | Noticed Dowan
  4215 | D:4      | Noticed Duvessa
  4236 | D:4      | Killed Duvessa
  4237 | D:4      | Reached skill level 5 in Fighting
  4259 | D:4      | Killed Dowan
  4923 | D:4      | Reached skill level 5 in Axes
  4923 | D:4      | Reached XP level 7. HP: 56/56 MP: 7/7
  5071 | D:4      | Noticed Natasha
  5087 | D:4      | Killed Natasha
  5208 | D:4      | Noticed Natasha
  5225 | D:4      | Killed Natasha
  5344 | D:4      | Noticed Pikel
  5361 | D:4      | Killed Pikel
  5362 | D:4      | Reached skill level 6 in Fighting
  5362 | D:4      | Gained mutation: You sometimes gain power by taking damage.
                  | [demonic ancestry]
  5362 | D:4      | Reached XP level 8. HP: 41/65 MP: 8/8
  5368 | D:4      | Gained mutation: You occasionally shout uncontrollably at
                  | your foes. [potion of mutation]
  5580 | D:4      | Reached skill level 7 in Fighting
  5882 | D:4      | Noticed Natasha
  5891 | D:4      | Killed Natasha
  5963 | D:5      | Entered Level 5 of the Dungeon
  6127 | D:5      | HP: 1/67 [orc priest/nerve-wracking pain (10)]
  6128 | D:5      | Succumbed to an orc's poison

Illustrated notes

Levels and vault maps discovered:
D:1:      zelgadis_glass_arrival_small, layout_loops_ring
D:2:      layout_loops_corners, serial_shops, nicolae_shop_waterfront,
          hangedman_decor_diamond_cutter, grunt_ministairs_10,
          minmay_misc_feat_plants, minmay_circle_x
D:3:      layout_basic, minmay_goblin_outpost, uniq_jessica, uniq_robin,
          uniq_crazy_yiuf_cottage
D:4:      layout_loops_ring, st_stairs_9, minmay_pentangle, uniq_duvessa,
          uniq_natasha, uniq_pikel
D:5:      layout_loops_corners, nicolae_shop_fire_sale [nicolae_sub_dead_trees]

Skill      XL: |  1  2  3  4  5  6  7  8 |
---------------+-------------------------+-----
Axes           | 3 4 5 6 |  6.4
Armour         | 2 3 4 |  4.4
Fighting       | 4 5 6 7 |  7.1
Dodging        | |  1.7

Action                   |  1- 3 |  4- 6 |  7- 9 || total
-------------------------+-------+-------+-------++-------
Melee: Hand axe          |   125 |   195 |   107 ||   427
       Punch             |     1 |       |       ||     1
Throw: Dart              |       |     6 |       ||     6
Invok: Berserk           |     2 |     3 |     3 ||     8
       Trog's Hand       |       |     3 |     2 ||     5
  Use: Scroll            |       |     6 |     7 ||    13
       Potion            |       |     3 |     1 ||     4
Armor: Scale mail        |    78 |    90 |    36 ||   204
       Animal skin       |     2 |       |       ||     2
Dodge: Dodged            |    87 |   110 |    49 ||   246
Block: Buckler           |       |    10 |    18 ||    28

Table legend: (Time is in decaauts)
 A = Elapsed time spent in this place.
 B = Non-inter-level travel time spent in this place.
 C = Inter-level travel time spent in this place.
 D = Time resting spent in this place.
 E = Time spent auto-exploring this place.
 F = Levels seen in this place.
 G = Mean time per level.
                   A        B        C        D        E       F      G
               +--------+--------+--------+--------+--------+-----+--------+
         Total |   6276 |   6214 |     62 |    691 |   4531 |   5 | 1255.2 |
       Dungeon |   6276 |   6214 |     62 |    691 |   4531 |   5 | 1255.2 |
               +--------+--------+--------+--------+--------+-----+--------+

Top non-repeatable levels by time:
     D:4: 2079 daAuts
     D:2: 1466 daAuts
     D:1: 1448 daAuts
     D:3: 1115 daAuts
     D:5: 165 daAuts
